 Dungeon Crawl Stone Soup version 0.29.1-15-g9cfb28693d (webtiles) character file.

Game seed: 6732175449285420952

4006 BuddhaDhamma the Severer (level 10, -3/115 HPs)
             Began as a Minotaur Berserker on Feb 28, 2023.
             Was an Elder of Trog.
             Succumbed to a killer bee's poison
             ... on level 9 of the Dungeon.
             The game lasted 00:14:33 (6403 turns).

BuddhaDhamma the Severer (Minotaur Berserker)       Turns: 6403, Time: 00:14:34

Health: -3/115     AC: 14    Str: 32    XL:     10   Next: 3%
Magic:  9/9        EV:  8    Int:  4    God:    Trog [****..]
Gold:   133        SH:  0    Dex: 16    Spells: 9/9 levels left

rFire   . . .      SeeInvis .   p - +0 battleaxe
rCold   . . .      Faith    .   (shield currently unavailable)
rNeg    . . .      Spirit   .   w - +0 plate armour
rPois   .          Reflect  .   (helmet restricted)
rElec   .          Harm     .   b - +1 cloak
rCorr   .          Rampage  .   (no gloves)
Will    .....                   u - +0 pair of boots
Stlth   ..........              i - amulet of regeneration
HPRegen 1.09/turn               j - +6 ring of dexterity
MPRegen 0.11/turn               k - +6 ring of strength

@: berserking, lethally poisoned (-3 -> -19), very quick
A: horns 2, retaliatory headbutt
a: Renounce Religion, Berserk, Trog's Hand, Brothers in Arms


You were on level 9 of the Dungeon.
You worshipped Trog.
Trog was greatly pleased with you.
You visited 1 branch of the dungeon, and saw 9 of its levels.

You collected 501 gold pieces.
You spent 368 gold pieces at shops.

Inventory:

Hand Weapons
 p - a +0 battleaxe (weapon)
Missiles
 a - 3 poisoned darts (quivered)
Armour
 b - a +1 cloak (worn)
 u - a +0 pair of boots (worn)
 w - a +0 plate armour (worn)
 y - the +1 pair of gloves of Voirag {Regen+ rCorr Int-2}
   (You found it on level 8 of the Dungeon)

   Int:       It affects your intelligence (-2).
   Regen:     It increases your rate of health regeneration.
   rCorr:     It protects you from acid and corrosion.
Jewellery
 f - a ring of resist corrosion
 i - an amulet of regeneration (around neck)
 j - a +6 ring of dexterity (left hand)
 k - a +6 ring of strength (right hand)
 l - a ring of positive energy
 q - a ring of protection from fire
 s - an amulet of guardian spirit
Wands
 o - a wand of paralysis (8)
 r - a wand of acid (5)
 v - a wand of digging (3)
 A - a wand of polymorph (9)
Scrolls
 g - 3 scrolls of poison
 h - 2 scrolls of identify
 m - 6 scrolls of teleportation
 t - a scroll of enchant weapon {unknown}
Potions
 c - 3 potions of haste
 d - a potion of curing
 e - a potion of invisibility
 n - a potion of flight
 x - a potion of resistance {unknown}
 z - a potion of might {unknown}


   Skills:
 - Level 3.6 Fighting
 + Level 17.1 Axes
 - Level 2.4 Armour
 - Level 2.1 Dodging


You had 9 spell levels left.
You didn't know any spells.
Your spell library was empty.

Dungeon Overview and Level Annotations

Branches:
Dungeon (9/15)             Temple (0/1) D:5
   Lair: D:8-11         Orc: D:9-12

Altars:
Ashenzari
Dithmenos
Makhleb
Nemelex Xobeh
Okawaru
Qazlal
Ru
Trog
Zin

Shops:
D:7 **(=


Innate Abilities, Weirdness & Mutations

You have a pair of horns on your head.
You reflexively headbutt those who attack you in melee.


Message History

The killer bee stings you but does no damage.
The killer bee stings you!
You are more poisoned.
The killer bee poisons you! The killer bee barely misses you.
You furiously retaliate!
You headbutt the killer bee! The troll bites you.
The troll claws you but does no damage. x2; The killer bee barely misses you.
The killer bee stings you but does no damage.
The killer bee stings you!
You are more poisoned.
The killer bee poisons you!
You barely miss the killer bee.
The killer bee is heavily wounded.
You closely miss the killer bee. You completely miss the troll.
You closely miss the killer bee.
You feel very sick. The killer bee closely misses you.
The killer bee stings you but does no damage.
The killer bee stings you. The troll bites you but does no damage.
The troll claws you!
* * * LOW HITPOINT WARNING * * *
The troll barely misses you.
You barely miss the killer bee.
The killer bee is heavily wounded.
You miss the killer bee. x2; You slash the troll!
You feel very sick. The killer bee stings you.
* * * LOW HITPOINT WARNING * * *
The killer bee closely misses you. You furiously retaliate!
You headbutt the killer bee.
The killer bee stings you but does no damage.
The killer bee closely misses you. The killer bee completely misses you.
The killer bee stings you.
* * * LOW HITPOINT WARNING * * *
You are more poisoned.
The killer bee poisons you! The troll bites you but does no damage.
The troll claws you but does no damage. The troll claws you!
* * * LOW HITPOINT WARNING * * *
A red film seems to cover your vision as you go berserk!
You feel yourself moving faster!
You feel mighty!
You die...

################
................
.................
.................
#.......y........
#......@T........
#......yy........
#................
.....}...........
........=........
.........[.......
.................
..<>.............
...>.............


You could see a troll and 3 killer bees.

Vanquished Creatures
  Maggie (D:7)
  Grinder (D:3)
  Sigmund (D:4)
  A shadow (D:8)
  The ghost of croobank the Sneak, an amateur OpDe (D:4)
  Menkaure (D:7)
  A steam dragon (D:8)
  An orc warrior (D:8)
  3 ice beasts
  A sky beast (D:7)
  4 centaurs
  4 ogres
  Blork the orc (D:5)
  A phantom (D:5)
  2 bullfrogs
  3 scorpions
  3 necrophages
  7 killer bees
  2 howler monkeys (D:7)
  A jelly (D:6)
  An orc priest (D:5)
  5 hounds
  3 iguanas
  Terence (D:2)
  Ijyb (D:5)
  Natasha (thrice) (D:2)
  2 orc wizards
  11 adders
  A shadow imp (D:3)
  2 white imps
  5 ufetubi
  3 worms (D:2)
  3 dart slugs
  14 orcs
  10 ball pythons
  10 endoplasms
  A giant cockroach (D:2)
  8 hobgoblins
  4 jackals (D:3)
  2 quokkas
  4 bats
  3 frilled lizards
  9 goblins
  8 kobolds
  5 rats
159 creatures vanquished.

Vanquished Creatures (others)
  A wizard (D:7)
  2 plants (D:3)
3 creatures vanquished.

Grand Total: 162 creatures vanquished

Notes
Turn   | Place    | Note
-------+----------+-------------------------------------------
     0 | D:1      | BuddhaDhamma the Minotaur Berserker began the quest for the
                  | Orb.
     0 | D:1      | Reached XP level 1. HP: 19/19 MP: 0/0
    94 | D:1      | Reached skill level 4 in Axes
   332 | D:1      | Reached XP level 2. HP: 26/26 MP: 1/1
   816 | D:2      | Noticed Natasha
   837 | D:2      | Reached skill level 5 in Axes
   837 | D:2      | Reached XP level 3. HP: 22/31 MP: 2/2
   840 | D:2      | Killed Natasha
  1031 | D:2      | Noticed Natasha
  1043 | D:2      | Killed Natasha
  1044 | D:2      | Reached skill level 6 in Axes
  1044 | D:2      | Reached XP level 4. HP: 19/39 MP: 3/3
  1055 | D:2      | Noticed Natasha
  1065 | D:2      | Killed Natasha
  1289 | D:2      | Reached ** piety under Trog
  1356 | D:2      | Noticed Terence
  1368 | D:2      | Killed Terence
  1369 | D:2      | Reached XP level 5. HP: 42/45 MP: 4/4
  1423 | D:2      | Reached skill level 7 in Axes
  1793 | D:3      | Found a faded altar of an unknown god.
  1892 | D:3      | Noticed Grinder
  1912 | D:3      | Killed Grinder
  1913 | D:3      | Reached skill level 9 in Axes
  1913 | D:3      | Reached XP level 6. HP: 42/51 MP: 5/5
  2354 | D:4      | Reached *** piety under Trog
  2457 | D:4      | Noticed an ice beast
  2464 | D:4      | Killed an ice beast
  2465 | D:4      | Reached XP level 7. HP: 57/57 MP: 6/6
  2489 | D:4      | Noticed Sigmund
  2497 | D:4      | Killed Sigmund
  2498 | D:4      | Reached skill level 10 in Axes
  2573 | D:4      | Found a sparkling altar of Nemelex Xobeh.
  2836 | D:4      | Found a runed translucent door.
  2836 | D:4      | Noticed croobank's ghost (amateur OpDe)
  2852 | D:4      | Killed croobank's ghost
  2853 | D:4      | Reached skill level 11 in Axes
  2920 | D:5      | Entered Level 5 of the Dungeon
  2920 | D:5      | Noticed Blork the orc
  2926 | D:5      | Killed Blork the orc
  2939 | D:5      | Reached XP level 8. HP: 64/64 MP: 7/7
  2949 | D:5      | Reached skill level 12 in Axes
  3015 | D:5      | Found a burning altar of Makhleb.
  3046 | D:5      | Found a broken altar of Ashenzari.
  3134 | D:5      | Found a staircase to the Ecumenical Temple.
  3212 | D:5      | Noticed Ijyb
  3222 | D:5      | Killed Ijyb
  3223 | D:5      | Reached skill level 13 in Axes
  3393 | D:5      | Found a stormy altar of Qazlal.
  3767 | D:6      | Reached skill level 14 in Axes
  3923 | D:6      | Reached **** piety under Trog
  3975 | D:6      | Reached XP level 9. HP: 59/70 MP: 8/8
  4161 | D:7      | Found Omylal's General Store.
  4174 | D:7      | Bought a +0 plate armour for 368 gold pieces
  4202 | D:7      | Noticed Maggie
  4217 | D:7      | Killed Maggie
  4218 | D:7      | Reached skill level 15 in Axes
  4239 | D:7      | Found a glowing silver altar of Zin.
  4345 | D:7      | Found Beiduepu's Assorted Antiques.
  4362 | D:7      | Found Wigoro Gaxt's Weapon Emporium.
  4419 | D:7      | Found a sacrificial altar of Ru.
  4486 | D:7      | Found a bloodstained altar of Trog.
  4488 | D:7      | Noticed a wizard
  4493 | D:7      | Killed a wizard
  4569 | D:7      | Noticed Menkaure
  4572 | D:7      | Killed Menkaure
  4589 | D:7      | Found Qaib Led's Jewellery Emporium.
  5164 | D:8      | Found an iron altar of Okawaru.
  5173 | D:8      | Reached skill level 16 in Axes
  5561 | D:8      | Identified the +1 pair of gloves of Voirag {Regen+ rCorr
                  | Int-2}
  5650 | D:8      | Reached skill level 17 in Axes
  5650 | D:8      | Reached XP level 10. HP: 45/77 MP: 9/9
  5904 | D:8      | Found a shadowy altar of Dithmenos.
  6402 | D:9      | HP: 1/77 [troll (7)]
  6403 | D:9      | Succumbed to a killer bee's poison

Illustrated notes

Levels and vault maps discovered:
D:1:      kennysheep_arrival_forest, layout_basic
D:2:      layout_loops_ring, nicolae_kite_square_tiling_tiny,
          minmay_fractal_squares_5, uniq_natasha, uniq_terence
D:3:      layout_rooms, serial_forest, infiniplex_forest_clump_cross,
          infiniplex_forest_lined_3, infiniplex_forest_lined_4_way,
          infiniplex_forest_corner_1, infiniplex_forest_clump_C,
          infiniplex_forest_straight_1, infiniplex_forest_clump_curved,
          shapermc_ecumenical_altar_acropolis, uniq_grinder
D:4:      minmay_angry_zag, layout_cave_pools, nemelex_spade_bored_becter,
          gammafunk_ghost_grave, uniq_sigmund
D:5:      layout_rooms, nicolae_overflow_squiral, mainiacjoe_overflow_alcove_2,
          minmay_temple_entry_grid, uniq_ijyb, uniq_blork_the_orc
D:6:      layout_loops_ring
D:7:      layout_basic, trog_wizard, mainiacjoe_overflow_surrounded_room,
          mainiacjoe_overflow_concentric_impassable, serial_shops,
          kennysheep_little_box, kennysheep_mini, shop, shop_fountains,
          grunt_ministairs_12, minmay_misc_feat_ornament, uniq_menkaure,
          uniq_crazy_yiuf_cottage, uniq_maggie
D:8:      layout_layer_cave, mainiacjoe_overflow_catwalk, lemuel_round_altar
D:9:      layout_long_grid, worldfamousw_hep_ancestral_shrine, vehumet_statue,
          mainiacjoe_overflow_alcove_1, lightli_orcish_oven

Skill      XL: |  1  2  3  4  5  6  7  8  9 |
---------------+----------------------------+-----
Axes           | 4 5 6 9 11 14 17 | 17.1
Fighting       | |  3.6
Armour         | |  2.4
Dodging        | |  2.1

Action                   |  1- 3 |  4- 6 |  7- 9 | 10-12 || total
-------------------------+-------+-------+-------+-------++-------
Melee: Hand axe          |    53 |    70 |       |       ||   123
       Headbutt          |     5 |    24 |    34 |     2 ||    65
       War axe           |       |    64 |    45 |       ||   109
       Punch             |       |     1 |     1 |       ||     2
       Battleaxe         |       |       |   137 |     6 ||   143
Throw: Dart              |       |     1 |    13 |       ||    14
Invok: Berserk           |     1 |     1 |     2 |     1 ||     5
  Use: Scroll            |       |     9 |     7 |       ||    16
Armor: Animal skin       |     3 |       |       |       ||     3
       Ring mail         |    15 |     5 |       |       ||    20
       Chain mail        |       |    48 |    37 |       ||    85
       Plate armour      |       |       |    68 |    28 ||    96
Dodge: Dodged            |    38 |    51 |    71 |    15 ||   175
